 Dungeon Crawl Stone Soup version 0.19-a0-13-gc67dc5e (webtiles) character file.

598282 MrRokkomies the Shatterer (level 27, -1/448 (450) HPs)
             Began as an Ogre Hunter on Apr 26, 2016.
             Was the Champion of Makhleb.
             Splashed by the Royal Jelly's acid (5 damage)
             ... on level 6 of the Pits of Slime on Apr 29, 2016.
             The game lasted 04:24:45 (74241 turns).

MrRokkomies the Shatterer (Ogre Hunter)            Turns: 74241, Time: 04:24:46

HP:   -1/448 (450)  AC:  5    Str: 30    XL:     27
MP:   34/34         EV: 21    Int: 11    God:    Makhleb [******]
Gold: 2516          SH:  0    Dex: 18    Spells: 4 memorised, 18 levels left

rFire  + + .     SeeInvis +     a - +9 giant spiked club (venom)
rCold  + . .     Gourm    +     o - +5 fire dragon armour
rNeg   . . .     Faith    .     (shield currently unavailable)
rPois  .         Spirit   .     P - +1 hat
rElec  +         Dismiss  .     Q - +2 cloak {MR+}
rCorr  +         Reflect  .     (gloves unavailable)
SustAt .         Harm     .     (boots unavailable)
MR     +++..     Clarity  +     G - amulet of Quny Ach {Gourm rElec SInv}
Stlth  ..........               M - ring of Xetu {Wiz rC+}
                                E - ring of resist corrosion

@: berserking, corroded, very slightly contaminated, hasted, very quick,
extremely resistant to hostile enchantments, extremely unstealthy
A: unfitting armour, clarity, cold resistance 1, tough skin 1
a: Minor Destruction, Lesser Servant of Makhleb, Major Destruction, Greater
Servant of Makhleb, Renounce Religion
}: 2/15 runes: serpentine, barnacled


You were on level 6 of the Pits of Slime.
You worshipped Makhleb.
Makhleb was exalted by your worship.
You were not hungry.

You visited 10 branches of the dungeon, and saw 54 of its levels.
You visited the Abyss 2 times.
You visited 1 bazaar.
You also visited: Labyrinth and Volcano.

You collected 7075 gold pieces.
You spent 4559 gold pieces at shops.

Inventory:

Hand Weapons
 a - a +9 giant spiked club of venom (weapon)
Missiles
 q - 4 throwing nets
 z - 21 javelins
 D - 125 large rocks (quivered)
 R - 15 javelins of penetration
Armour
 o - a +5 fire dragon armour (worn)
 P - a +1 hat (worn)
 Q - a +2 cloak of magic resistance (worn)
Rods
 X - a +1 lightning rod (12/12)
   (You found it in a labyrinth)
Jewellery
 g - a +5 ring of protection
 l - the amulet "Kihopn" {Dismiss rPois Dex-3 SInv}
   (You bought it in a shop on level 1 of the Snake Pit)

   [amulet of dismissal]

   It may teleport away creatures that harm you.
   It affects your dexterity (-3).
   It protects you from poison.
   It lets you see invisible.
 p - the amulet of Fir Acw {Regen+ MP+9 Stlth+}
   (You found it on level 3 of the Crypt)

   [amulet of regeneration]

   It affects your magic capacity (+9).
   It increases your rate of regeneration.
   It makes you more stealthy.
 B - the ring "Fiat Ete" {rPois MR+}
   (You took it off a spriggan on level 4 of the Depths)

   [ring of poison resistance]

   It protects you from poison.
   It affects your resistance to hostile enchantments.
 E - a ring of resist corrosion (left hand)
 G - the amulet of Quny Ach (around neck) {Gourm rElec SInv}
   (You took it off a deep elf mage on level 3 of the Elven Halls)

   [amulet of the gourmand]

   It allows you to eat raw meat even when not hungry.
   It insulates you from electricity.
   It lets you see invisible.
 M - the ring of Xetu (right hand) {Wiz rC+}
   (You found it on level 3 of the Elven Halls)

   [ring of wizardry]

   It improves your spell success rate.
   It protects you from cold.
 Z - the ring "Xugivo" {+Fly rN+ Str+7}
   (You found it on level 3 of the Crypt)

   [ring of positive energy]

   It affects your strength (+7).
   It protects you from negative energy.
   It lets you fly.
Wands
 d - a wand of iceblast (5/15)
 e - a wand of acid (13/15)
 k - a wand of hasting (5/9)
 r - a wand of heal wounds (8/9)
 y - a wand of disintegration (1/24)
 C - a wand of acid (5/15)
 O - a wand of hasting (2/9)
 T - a wand of digging (7/24)
Scrolls
 b - 4 scrolls of fog
 t - 5 scrolls of magic mapping
 v - 10 scrolls of identify
 H - 24 scrolls of remove curse
 K - 2 scrolls of fear
 V - 3 scrolls of teleportation
Potions
 h - 3 potions of magic
 i - 2 potions of heal wounds
 j - 5 potions of agility
 m - 4 potions of cancellation
 n - 3 potions of berserk rage
 A - 3 potions of haste
 L - 4 potions of might
 S - a potion of ambrosia
 U - a potion of resistance
 W - 20 potions of curing
Miscellaneous
 s - a disc of storms
 w - a phial of floods
 N - a lamp of fire (inert)
Comestibles
 f - 13 bread rations
 u - 9 beef jerkies
 x - 23 meat rations
 F - 39 fruits
 I - a slice of pizza
 J - 8 royal jellies


   Skills:
 * Level 22.1 Fighting
 - Level 24.0 Maces & Flails
 * Level 18.9 Throwing
 - Level 17.7 Armour
 - Level 18.0 Dodging
 - Level 0.7 Stealth
 * Level 4.6 Charms
 - Level 12.0 Invocations
 - Level 15.0 Evocations


You had 18 spell levels left.
You knew the following spells:

 Your Spells              Type           Power        Failure   Level  Hunger
a - Blink                 Tloc           N/A          52%         2    ###....
b - Repel Missiles        Chrm/Air       #.....       16%         2    ###....
c - Spectral Weapon       Hex/Chrm       #.......     45%         3    ####...
d - Summon Butterflies    Summ           #.......     32%         1    ##.....


Dungeon Overview and Level Annotations

Branches:
Dungeon (15/15)            Temple (0/1) D:5            Lair (8/8) D:8
 Shoals (4/4) Lair:3        Snake (4/4) Lair:3        Slime (6/6) Lair:8
    Orc (2/2) D:11            Elf (3/3) Orc:2        Vaults (4/5) D:13
  Crypt (3/3) Vaults:3       Tomb (0/3) Crypt:3      Depths (5/5) D:15
    Zot (0/5) Depths:5

Altars:
Ashenzari
Cheibriados
Dithmenos
Kikubaaqudgha
Makhleb
Nemelex Xobeh
Okawaru
Pakellas
Ru
Trog
Yredelemnul
The Shining One
Jiyva

Shops:
D:13 !   D:14 ?   Orc:2 (:[*   Elf:1 (   Snake:1 (=   Vaults:3 !   Vaults:4 *
Depths:1 %

Portals:
Hell: Depths:1 Depths:2 Depths:3 Depths:4 Depths:5
Abyss: Depths:2 Depths:4 Depths:5
Pandemonium: Depths:2 Depths:3 Depths:4
Ziggurat: Depths:5

Annotations:
D:2 Sigmund
D:3 Grinder; MrRokkomies's ghost, amateur OgHu
Lair:8 exclusion: ice statue
Slime:6 Royal Jelly


Innate Abilities, Weirdness & Mutations

You are too large for most types of armour.
You have tough skin (AC +1).
You possess an exceptional clarity of mind.
Your flesh is cold resistant.


Message History

* * * LOW HITPOINT WARNING * * *
The azure jelly freezes you!! You resist.
* * * LOW HITPOINT WARNING * * *
The azure jelly hits you.
* * * LOW HITPOINT WARNING * * *
The azure jelly freezes you! You resist.
* * * LOW HITPOINT WARNING * * *
The azure jelly barely misses you. x2
You barely miss the Royal Jelly.
The Royal Jelly is severely wounded.
Your fire elemental hits the azure jelly.
Your fire elemental burns the azure jelly!
The azure jelly is burned terribly!
The azure jelly barely misses you. x2
The azure jelly hits you but does no damage.
The azure jelly hits you.
* * * LOW HITPOINT WARNING * * *
The Royal Jelly hits you!
* * * LOW HITPOINT WARNING * * *
You are splashed with acid!
The acid corrodes you!
The acid burns!
You resist.
You die...

...........########..## ###
...........# #.## ...........#
#..# ...........## ##.# ..
............# #..# #..
............## #.## ##...
.............### #..# #.....
.............J.# ###(#####.....
............JJ@###.#..##.......
.<...........JJJJ...(..........
...........E.J.......J.....J..
...........(..................
...........(..J.........JJJJJ.
###......(..............JJJ...
#......................JJ...
............................
.......(ยงยงยง.....(...........


You could see the Royal Jelly, an acid blob, 5 azure jellies, 2 death oozes and
a friendly fire elemental.

Vanquished Creatures
  3 juggernauts
  Boris (Crypt:1)
  Saint Roka (Depths:5)
  6 golden dragons
  A caustic shrike (Depths:3)
  Nikola (Vaults:1)
  Jory (Crypt:2)
  A profane servitor (Crypt:3)
  A bone dragon (Crypt:3)
  Jorgrun (Vaults:4)
  A tentacled monstrosity (Depths:5)
  2 deep elf blademasters (Elf:3)
  4 liches
  A deep elf master archer (Elf:3)
  A titan (Depths:5)
  7 sphinxes
  27 acid blobs
  4 ancient champions
  Polyphemus (Shoals:3)
  4 tentacled starspawn (Abyss:2)
  A storm dragon (Depths:5)
  3 shadow dragons
  Donald (D:13)
  4 tengu reavers
  10 greater nagas
  Ilsuiw (Shoals:4)
  10 azure jellies
  3 revenants
  Wiglaf (Vaults:1)
  8 deep elf sorcerers
  A draconian zealot (Depths:5)
  6 frost giants
  A cacodemon (Depths:2)
  8 fire giants
  2 orc warlords
  2 iron dragons
  4 ghouls
  10 ironheart preservers
  A vault warden (Vaults:2)
  5 deep elf elementalists (Elf:3)
  A spriggan defender (Depths:4)
  17 very ugly things
  An angel (Depths:5)
  A draconian annihilator (Depths:5)
  10 vampire knights
  23 stone giants
  2 black draconians (Depths:5)
  85 slime creatures
  2 deep elf demonologists
  2 mottled draconians (Depths:5)
  2 white draconians (Depths:5)
  Azrael (Snake:3)
  14 deep elf annihilators
  2 dire elephants (Depths:2)
  3 spark wasps
  2 yellow draconians (Abyss:2)
  A green death (Abyss:2)
  2 blizzard demons (Abyss:2)
  4 eidola
  7 death oozes (Slime:6)
  15 ettins
  5 deep elf death magi
  11 merfolk impalers
  7 fire dragons
  A minotaur (Lab)
  2 merfolk javelineers (Shoals:4)
  21 ice dragons
  Fannar (Lair:2)
  18 ogre magi
  21 jiangshi
  3 entropy weavers
  8 yaktaur captains
  20 great orbs of eyes
  6 deep elf high priests (Elf:3)
  3 rakshasas
  9 hydras
  2 spriggan air magi
  25 naga warriors
  8 anacondas
  5 catoblepae
  7 centaur warriors
  11 death knights
  3 merfolk avatars (Shoals:4)
  4 satyrs
  14 death yaks
  5 merfolk aquamancers
  10 deep troll shamans
  10 naga sharpshooters
  6 vampire magi
  31 dancing weapons
  4 orc high priests
  12 shock serpents
  Urug (D:10)
  4 tengu warriors
  5 spriggan berserkers
  14 hell knights
  4 thrashing horrors (Abyss:2)
  6 deep troll earth magi
  23 deep elf knights
  A fire crab (Vaults:4)
  A sun demon (Abyss:2)
  4 soul eaters
  6 spriggans
  2 wretched stars (Abyss:2)
  4 shadow wraiths
  4 iron trolls
  3 salamander mystics
  25 skeletal warriors
  A sea snake (shapeshifter) (Vaults:2)
  2 spatial maelstroms (Abyss:2)
  17 deep elf archers
  3 giant orange brains
  A putrid demonspawn (Depths:2)
  29 deep trolls
  4 unseen horrors
  18 sea snakes
  An orange crystal statue (D:13)
  4 wizards
  9 flayed ghosts
  2 spriggan druids (Depths:2)
  5 naga ritualists
  12 ironbrand convokers
  An anaconda skeleton (Crypt:2)
  4 lindwurms
  10 necromancers
  8 phantasmal warriors
  8 hill giants
  A tengu zombie (Depths:4)
  A wolf spider zombie (D:14)
  A gelid demonspawn (Depths:2)
  83 deep elf magi
  6 mana vipers
  31 harpies
  A shadow dragon skeleton (Crypt:1)
  5 wolf spiders
  9 orc knights
  A golden dragon skeleton (Depths:2)
  16 cyclopes
  6 orc sorcerers
  15 griffons
  A faun (shapeshifter) (Vaults:4)
  4 shining eyes
  A tengu skeleton (Depths:2)
  2 frost giant zombies
  A hornet (shapeshifter) (Depths:3)
  13 manticores
  2 hornets
  10 salamanders
  A salamander (shapeshifter) (D:15)
  52 ugly things
  A spectral ice dragon (Crypt:3)
  13 fauns
  13 sirens
  25 elephants
  3 worldbinders (Abyss:2)
  9 large abominations
  A water nymph (shapeshifter) (Vaults:3)
  A fire giant skeleton (Crypt:2)
  A frost giant skeleton (Crypt:1)
  22 naga magi
  2 octopodes (shapeshifter)
  3 guardian serpents
  2 rust devils
  34 black mambas
  A dire elephant zombie (Crypt:2)
  10 vault sentinels
  A spectral iron troll (Crypt:1)
  7 water nymphs
  A gargoyle (Lab)
  A guardian serpent (shapeshifter) (Depths:5)
  3 eyes of devastation
  3 smoke demons (Abyss:2)
  A spiny frog (shapeshifter) (D:14)
  A red draconian zombie (Crypt:1)
  16 spiny frogs
  A dire elephant skeleton (Crypt:1)
  5 spectral swamp worms (Depths:3)
  A sea snake zombie (Crypt:2)
  3 kobold demonologists
  4 rime drakes
  A spark wasp simulacrum (Depths:2)
  An efreet (Abyss:2)
  7 komodo dragons
  A yellow draconian zombie (Crypt:1)
  3 spectral deep trolls (Crypt:1)
  16 freezing wraiths
  33 yaktaurs
  A tormentor (Abyss:2)
  5 starcursed masses (Abyss:2)
  11 trolls
  A hellwing (Depths:2)
  A queen bee (D:8)
  A yellow draconian skeleton (Crypt:1)
  23 merfolk
  A giant leech (Abyss:2)
  A hydra zombie (Crypt:2)
  A queen bee (shapeshifter) (Vaults:1)
  An ice devil (Depths:2)
  7 wind drakes
  2 polar bears (Lair:8)
  2 tengu conjurers
  A sphinx simulacrum (Depths:2)
  9 raiju (Abyss:2)
  35 two-headed ogres
  A blink frog (shapeshifter) (D:15)
  An elf zombie (Depths:4)
  2 bog bodies
  A raiju (shapeshifter) (D:10)
  A boulder beetle (Vaults:4)
  17 blink frogs
  8 snapping turtles
  A satyr zombie (Crypt:2)
  An ice dragon zombie (Crypt:2)
  A fire giant simulacrum (Crypt:1)
  An ettin skeleton (Crypt:2)
  60 flying skulls
  4 shadows
  A human simulacrum (Vaults:1)
  6 wyverns
  11 redbacks
  A redback (shapeshifter) (Vaults:2)
  6 air elementals
  58 yaks
  3 ynoxinuls (Abyss:2)
  A dire elephant simulacrum (Crypt:3)
  13 wraiths
  3 vampires
  5 basilisks
  7 fire elementals
  20 water elementals
  14 hippogriffs
  5 golden eyes
  16 humans (D:13)
  16 vampire mosquitoes
  2 chaos spawn
  An elf skeleton (Depths:4)
  A hungry ghost (D:11)
  8 wargs
  3 mottled dragons
  A steam dragon (Lair:7)
  An infernal demonspawn zombie (Crypt:2)
  A soldier ant (D:13)
  A harpy simulacrum (D:13)
  62 nagas
  Menkaure (D:5)
  A soldier ant (shapeshifter) (Depths:1)
  12 water moccasins
  2 hell hounds
  Duvessa (D:5)
  A putrid demonspawn skeleton (Crypt:1)
  A giant eyeball (shapeshifter) (D:14)
  13 porcupines
  5 eyes of draining
  5 black bears
  A hornet simulacrum (D:15)
  9 ice beasts
  A sky beast (D:13)
  A tengu (shapeshifter) (Depths:3)
  62 ogres
  46 orc warriors
  A boggart (Elf:1)
  7 phantoms
  2 spiny frog skeletons
  6 necrophages
  9 wolves
  16 small abominations
  7 wasps
  A black mamba simulacrum (Crypt:2)
  23 centaurs
  19 crocodiles
  5 big kobolds
  Blork the orc (D:6)
  8 earth elementals
  21 giant frogs
  Dowan (D:5)
  A yaktaur skeleton (Crypt:1)
  3 scorpions
  A polar bear zombie (Crypt:2)
  29 killer bees
  5 wights (D:8)
  3 howler monkeys (D:7)
  A vampire bat (Lair:4)
  12 crimson imps
  A wolf skeleton (Crypt:2)
  A giant frog zombie (D:10)
  22 orc priests
  A wyvern simulacrum (D:14)
  3 centaur zombies
  11 hounds
  33 jellies
  2 quasits (Depths:2)
  Crazy Yiuf (D:3)
  A hound (shapeshifter) (D:10)
  32 orc wizards
  3 centaur skeletons
  An iron imp (Depths:2)
  9 iguanas
  Ijyb (D:3)
  A porcupine zombie (Crypt:2)
  5 hell rats (Lair:4)
  15 worker ants
  26 sheep
  A killer bee zombie (Crypt:2)
  A crocodile zombie (Crypt:2)
  A demigod zombie (Crypt:1)
  A deep dwarf skeleton (Crypt:1)
  2 hound zombies
  A mummy (Volcano)
  2 worker ant zombies (D:10)
  2 howler monkey zombies
  A howler monkey skeleton (D:9)
  6 gnolls
  10 adders
  76 river rats
  3 shadow imps
  2 white imps (Lair:8)
  3 ufetubi
  5 oozes
  An ooze (shapeshifter) (Elf:2)
  An adder zombie (D:5)
  A worm (D:4)
  A dart slug (D:1)
  2 giant geckos
  116 orcs
  3 ball pythons
  22 bats
  4 giant cockroaches
  6 goblins
  5 hobgoblins
  13 jackals
  4 quokkas
  3 giant newts
  A giant newt zombie (Crypt:1)
  2 jackal skeletons
  24 kobolds
  An orc skeleton (Crypt:1)
  A quokka zombie (D:6)
  7 rats
  5 lost souls
  3 plants
2726 creatures vanquished.

Vanquished Creatures (collateral kills)
  Sojobo (Crypt:3)
  An acid blob (Slime:6)
  Aizul (Snake:1)
  A death ooze (Slime:6)
  A jiangshi (Crypt:3)
  An orc knight (Orc:2)
  An elephant (Lair:2)
  A warg (Orc:2)
  A water moccasin (Lair:2)
  5 sheep (Lair:2)
  An orc (Orc:2)
15 creatures vanquished.

Vanquished Creatures (others)
  A fire giant (Depths:3)
  A merfolk impaler (Shoals:4)
  An ogre mage (Vaults:1)
  A naga sharpshooter (Snake:2)
  A vampire mage (Abyss:2)
  A deep elf knight (Vaults:2)
  A deep troll (shapeshifter) (Vaults:2)
  A flying skull (Crypt:3)
  An air elemental (Elf:3)
  A naga (Snake:4)
  A water moccasin (Lair:8)
  An ogre (Vaults:1)
  An ufetubus (Vaults:2)
  An orc (Orc:2)
  A bush (Depths:2)
  97 fungi
  4 lost souls
  A lurking horror (Abyss:2)
  73 plants
  8 starspawn tentacles (Abyss:2)
  73 starspawn tentacle segments (Abyss:2)
  14 tentacles (Shoals:3)
  756 tentacle segments (Shoals:3)
1041 creatures vanquished.

Grand Total: 3782 creatures vanquished

Notes
Turn   | Place    | Note
--------------------------------------------------------------
     0 | D:1      | MrRokkomies the Ogre Hunter began the quest for the Orb.
     0 | D:1      | Reached XP level 1. HP: 22/22 MP: 1/1
    35 | D:1      | HP: 1/22 [giant gecko (2)]
   366 | D:1      | Reached skill level 1 in Maces & Flails
   370 | D:1      | Reached XP level 2. HP: 18/29 MP: 2/2
   671 | D:1      | Reached skill level 2 in Maces & Flails
   742 | D:1      | Reached XP level 3. HP: 21/36 MP: 3/3
  1243 | D:2      | Reached skill level 3 in Maces & Flails
  1243 | D:2      | Reached XP level 4. HP: 44/44 MP: 4/4
  1244 | D:2      | Noticed Sigmund
  1319 | D:2      | Reached skill level 5 in Throwing
  1473 | D:3      | Noticed Ijyb
  1491 | D:3      | Killed Ijyb
  1778 | D:3      | Noticed Crazy Yiuf
  1792 | D:3      | Killed Crazy Yiuf
  1792 | D:3      | Reached XP level 5. HP: 17/52 MP: 5/5
  2020 | D:3      | Reached skill level 4 in Maces & Flails
  2061 | D:3      | Upgraded the game from 0.18-a0-1805-g8ab820f to 0.18-a0-1811-g3a71842
  2390 | D:3      | Noticed MrRokkomies's ghost (amateur OgHu)
  2421 | D:3      | Noticed Grinder
  2503 | D:4      | Found a burning altar of Makhleb.
  2516 | D:4      | Reached XP level 6. HP: 44/59 MP: 6/6
  2519 | D:4      | Became a worshipper of Makhleb the Destroyer
  2658 | D:4      | Reached skill level 5 in Maces & Flails
  3472 | D:4      | Found an oddly glowing altar of Pakellas.
  3475 | D:4      | Found a glowing golden altar of the Shining One.
  3478 | D:4      | Found a shadowy altar of Dithmenos.
  3525 | D:4      | Noticed a phantom
  3548 | D:4      | Killed a phantom
  3586 | D:4      | Reached skill level 6 in Maces & Flails
  3586 | D:4      | Reached XP level 7. HP: 70/70 MP: 7/7
  3946 | D:5      | Entered Level 5 of the Dungeon
  3946 | D:5      | Noticed Menkaure
  3953 | D:5      | Killed Menkaure
  3953 | D:5      | Reached skill level 5 in Fighting
  3982 | D:5      | Reached * piety under Makhleb
  4028 | D:5      | Found a staircase to the Ecumenical Temple.
  4087 | D:5      | Reached skill level 7 in Maces & Flails
  4246 | D:5      | Noticed Dowan
  4249 | D:5      | Noticed Duvessa
  4710 | D:5      | Killed Duvessa
  4745 | D:5      | Killed Dowan
  4745 | D:5      | Reached XP level 8. HP: 72/84 MP: 8/8
  5223 | D:6      | Reached skill level 8 in Maces & Flails
  5285 | D:6      | Found an iron altar of Okawaru.
  5848 | D:6      | Noticed Blork the orc
  5855 | D:6      | Killed Blork the orc
  5855 | D:6      | Reached skill level 9 in Maces & Flails
  6321 | D:7      | Reached XP level 9. HP: 98/98 MP: 9/9
  6387 | D:7      | Reached skill level 10 in Maces & Flails
  6395 | D:7      | Reached ** piety under Makhleb
  6884 | D:7      | Reached skill level 10 in Fighting
  6931 | D:8      | Reached skill level 1 in Invocations
  6997 | D:8      | Reached skill level 11 in Maces & Flails
  7519 | D:8      | Reached *** piety under Makhleb
  8045 | D:8      | Reached skill level 12 in Maces & Flails
  8280 | D:8      | Found a staircase to the Lair.
  8361 | D:8      | Reached XP level 10. HP: 84/110 MP: 13/13
  8369 | D:8      | Reached skill level 5 in Invocations
  8394 | D:8      | Reached **** piety under Makhleb
  8903 | D:8      | Got a tattered robe
  8914 | D:8      | Identified the +1 robe of Demons {rElec Dex+2 Stlth-} (You found it on level 8 of the Dungeon)
  9058 | D:8      | Reached skill level 13 in Maces & Flails
  9203 | D:8      | Found a sacrificial altar of Ru.
  9301 | Lair:1   | Entered Level 1 of the Lair of Beasts
  9335 | Lair:1   | Noticed a spiny frog
 10058 | Lair:1   | Noticed a black mamba
 10064 | Lair:1   | Killed a black mamba
 10107 | Lair:1   | Reached skill level 14 in Maces & Flails
 10165 | Lair:1   | Reached ***** piety under Makhleb
 10165 | Lair:1   | Reached XP level 11. HP: 99/117 MP: 17/17
 11312 | Lair:1   | Reached skill level 15 in Maces & Flails
 11733 | Lair:2   | Reached skill level 10 in Invocations
 11836 | Lair:2   | Reached skill level 1 in Armour
 11977 | Lair:2   | Noticed Fannar
 12384 | Lair:2   | Killed Fannar
 12580 | Lair:2   | Reached skill level 16 in Maces & Flails
 12657 | Lair:2   | Reached XP level 12. HP: 101/126 MP: 19/19
 13089 | Lair:2   | Reached skill level 5 in Armour
 13198 | Lair:2   | Gained mutation: You passively map a small area around you. [potion of mutation]
 13198 | Lair:2   | Gained mutation: You are frail (-10% HP). [potion of mutation]
 13198 | Lair:2   | Gained mutation: Your body sometimes deteriorates upon taking damage. [potion of mutation]
 13199 | Lair:2   | Lost mutation: Your body sometimes deteriorates upon taking damage. [potion of cure mutation]
 13199 | Lair:2   | Lost mutation: You are frail (-10% HP). [potion of cure mutation]
 13199 | Lair:2   | Lost mutation: You passively map a small area around you. [potion of cure mutation]
 13365 | Lair:3   | Found a staircase to the Snake Pit.
 13480 | Lair:3   | Reached skill level 17 in Maces & Flails
 13888 | Lair:3   | Found a staircase to the Shoals.
 14147 | Lair:3   | Identified the Catalogue of Orientation and Execration
 14225 | Lair:3   | Reached ****** piety under Makhleb
 14775 | Lair:4   | Found a dark tunnel.
 14809 | Volcano  | Entered a volcano
 15611 | Lair:4   | Reached XP level 13. HP: 101/133 MP: 13/20
 15627 | Lair:4   | Reached skill level 18 in Maces & Flails
 15773 | Lair:4   | Identified a scroll of acquirement
 16537 | Lair:5   | Found a labyrinth entrance.
 16549 | Lab      | Entered a labyrinth
 16691 | Lab      | Noticed a minotaur
 16698 | Lab      | Killed a minotaur
 16801 | Lair:5   | Reached skill level 19 in Maces & Flails
 18544 | Lair:7   | Reached XP level 14. HP: 100/143 MP: 19/21
 18929 | Lair:7   | Reached skill level 10 in Armour
 19095 | Lair:7   | Reached skill level 20 in Maces & Flails
 19698 | Lair:8   | Entered Level 8 of the Lair of Beasts
 20305 | Lair:8   | Reached skill level 5 in Dodging
 20405 | Lair:8   | Found a staircase to the Slime Pits.
 20591 | Lair:8   | Found a sparkling altar of Nemelex Xobeh.
 21885 | D:10     | Entered Level 10 of the Dungeon
 21991 | D:10     | Found a glowing golden altar of the Shining One.
 22040 | D:10     | Identified the Reference Book on Stones and the Birds
 22144 | D:10     | Noticed Urug
 22299 | D:10     | Killed Urug
 22906 | D:11     | Learned a level 2 spell: Blink
 22909 | D:11     | Learned a level 2 spell: Repel Missiles
 22987 | D:11     | Found a staircase to the Orcish Mines.
 23243 | D:11     | Reached XP level 15. HP: 126/149 MP: 22/22
 23456 | Orc:1    | Entered Level 1 of the Orcish Mines
 24457 | Orc:2    | Entered Level 2 of the Orcish Mines
 24457 | Orc:2    | Noticed an orc warlord
 24482 | Orc:1    | Killed an orc warlord
 24713 | Orc:1    | Reached skill level 10 in Throwing
 24884 | Orc:2    | Found a staircase to the Elven Halls.
 25612 | Orc:2    | Noticed an orc warlord
 25629 | Orc:2    | Killed an orc warlord
 25777 | Orc:2    | HP: 4/149 [orc sorcerer/bolt of negative energy (22)]
 25785 | Orc:2    | Found Ocvoichy's Antique Armour Boutique.
 25797 | Orc:2    | HP: 1/149 [orc knight/uncursed great mace (17)]
 26113 | Orc:2    | Found Muf Pewo's General Store.
 26114 | Orc:2    | Found Wuamnouge's Book Boutique.
 26115 | Orc:2    | Found Aqeirou's Antique Weapon Shop.
 26131 | Orc:2    | Bought a potion of beneficial mutation for 385 gold pieces
 26131 | Orc:2    | Gained mutation: You possess an exceptional clarity of mind. [potion of beneficial mutation]
 26141 | Orc:2    | Bought a runed great mace for 195 gold pieces
 26143 | Orc:2    | Bought a runed fire dragon armour for 1620 gold pieces
 27194 | D:13     | Noticed Donald
 27228 | D:13     | Killed Donald
 27260 | D:13     | Reached XP level 16. HP: 158/158 MP: 23/23
 27266 | D:13     | Reached skill level 10 in Dodging
 27312 | D:13     | Found a gate to the Vaults.
 27542 | D:13     | Found Rosit's Distillery.
 27545 | D:13     | Bought a potion of heal wounds for 60 gold pieces
 28354 | D:14     | Found a shadowy altar of Dithmenos.
 28829 | D:14     | Found Pepnan's Magic Scroll Shoppe.
 28833 | D:14     | Bought a scroll of enchant armour for 90 gold pieces
 28833 | D:14     | Bought a scroll of enchant weapon for 90 gold pieces
 29176 | D:15     | Entered Level 15 of the Dungeon
 30027 | D:15     | Found a staircase to the Depths.
 30647 | Snake:1  | Entered Level 1 of the Snake Pit
 30647 | Snake:1  | Found Zatsedol's Antique Weapon Boutique.
 30818 | Snake:1  | Found Luffitix's Jewellery Emporium.
 31333 | Snake:1  | Noticed Aizul
 31342 | Snake:1  | Killed Aizul
 32014 | Snake:1  | Reached XP level 17. HP: 141/166 MP: 19/25
 33243 | Snake:3  | Noticed Azrael
 33269 | Snake:3  | Killed Azrael
 33903 | Snake:4  | Entered Level 4 of the Snake Pit
 34014 | Snake:4  | Reached skill level 15 in Throwing
 34678 | Snake:4  | Found a bloodstained altar of Trog.
 35236 | Snake:4  | Reached XP level 18. HP: 157/188 MP: 21/27
 36328 | Snake:4  | Reached skill level 15 in Fighting
 37035 | Snake:4  | Got a serpentine rune of Zot
 37266 | Shoals:1 | Entered Level 1 of the Shoals
 38590 | Shoals:2 | Reached XP level 19. HP: 193/206 MP: 23/28
 39767 | Shoals:3 | Noticed Polyphemus
 39856 | Shoals:3 | Killed Polyphemus
 40237 | Shoals:4 | Entered Level 4 of the Shoals
 40241 | Shoals:4 | Noticed Ilsuiw
 40995 | Shoals:4 | Killed Ilsuiw
 41820 | Shoals:4 | HP: 6/211 [snapping turtle (19)]
 42168 | Shoals:4 | Reached skill level 21 in Maces & Flails
 42250 | Shoals:4 | Got a barnacled rune of Zot
 42563 | Vaults:1 | Entered Level 1 of the Vaults
 42635 | Vaults:1 | Noticed Nikola
 42647 | Vaults:1 | Killed Nikola
 42722 | Vaults:1 | Reached XP level 20. HP: 221/221 MP: 29/29
 42956 | Snake:1  | Bought a +5 ring of protection for 550 gold pieces
 42956 | Snake:1  | Bought the amulet "Kihopn" {Dismiss rPois Dex-3 SInv} for 391 gold pieces
 44364 | Vaults:1 | Noticed Wiglaf
 44428 | Vaults:1 | Killed Wiglaf
 44504 | Vaults:2 | Found a flickering gateway to a bazaar.
 44523 | Bazaar   | Entered a bazaar
 44537 | Bazaar   | Found Erikhlenk's Antique Armour Shoppe.
 44554 | Bazaar   | Found Aqiec Icig's Armour Shoppe.
 44554 | Bazaar   | Found Jiprog's Armour Emporium.
 44577 | Bazaar   | Found Xulixkoomo's Gadget Emporium.
 44582 | Bazaar   | Bought a wand of heal wounds (4/9) for 432 gold pieces
 44619 | Vaults:2 | Cast into level 2 of the Abyss (a deep elf demonologist)
 44866 | Abyss:2  | Reached skill level 22 in Maces & Flails
 45031 | Vaults:2 | Escaped the Abyss
 46806 | Vaults:2 | Reached XP level 21. HP: 230/230 MP: 30/30
 47108 | Vaults:2 | Reached skill level 23 in Maces & Flails
 47576 | Vaults:3 | Found a staircase to the Crypt.
 47576 | Vaults:3 | Found a basalt altar of Yredelemnul.
 47577 | Vaults:3 | Found an ancient bone altar of Kikubaaqudgha.
 48331 | Vaults:3 | Found Techere's Distillery.
 48373 | Vaults:3 | Bought a potion of heal wounds for 80 gold pieces
 49060 | Vaults:3 | Reached skill level 15 in Dodging
 49429 | Vaults:4 | Noticed Jorgrun
 49435 | Vaults:4 | Killed Jorgrun
 49552 | Vaults:4 | Reached skill level 24 in Maces & Flails
 49597 | Vaults:4 | Found Nothryce's Assorted Antiques.
 50754 | Vaults:4 | Reached XP level 22. HP: 239/239 MP: 31/31
 51071 | Elf:1    | Entered Level 1 of the Elven Halls
 51552 | Elf:1    | Found Xaichucw's Antique Weapon Emporium.
 52401 | Elf:2    | Reached XP level 23. HP: 247/247 MP: 32/32
 53196 | Elf:2    | Found a runed gate.
 53196 | Elf:2    | Found a runed gate.
 53196 | Elf:2    | Found a runed gate.
 54193 | Elf:2    | Cast into level 2 of the Abyss (quick blade of distortion)
 54193 | Abyss:2  | Found a corrupted altar of Lugonu.
 54799 | Elf:2    | Escaped the Abyss
 54986 | Elf:3    | Entered Level 3 of the Elven Halls
 55392 | Elf:3    | Reached XP level 24. HP: 256/256 MP: 32/32
 55887 | Elf:3    | Got a faintly glowing garnet amulet
 55888 | Elf:3    | Identified the amulet of Quny Ach {Gourm rElec SInv} (You took it off a deep elf mage on level 3 of the Elven Halls)
 57242 | Elf:3    | Got a warped tin ring
 57243 | Elf:3    | Identified the ring of Xetu {Wiz rC+} (You found it on level 3 of the Elven Halls)
 57250 | Elf:3    | Identified the Catalogue of Creative Heat
 57358 | Elf:3    | Got an ancient lead ring
 57363 | Elf:3    | Identified the ring "Pahoje" {*Confuse rPois Str+4 Slay+2} (You took it off a deep elf knight on level 3 of the Elven Halls)
 57778 | Crypt:1  | Entered Level 1 of the Crypt
 58303 | Crypt:1  | Noticed Boris
 58727 | Crypt:1  | Killed Boris
 59119 | Crypt:1  | Reached skill level 5 in Evocations
 59388 | Crypt:2  | Noticed Jory
 59461 | Crypt:2  | Killed Jory
 59924 | Crypt:2  | Upgraded the game from 0.18-a0-1811-g3a71842 to 0.19-a0-13-gc67dc5e
 60375 | Crypt:3  | Entered Level 3 of the Crypt
 60580 | Crypt:3  | Found a basalt altar of Yredelemnul.
 60654 | Crypt:3  | Reached skill level 15 in Armour
 60665 | Crypt:3  | Reached XP level 25. HP: 265/265 MP: 32/32
 61006 | Crypt:3  | Noticed Sojobo
 61014 | Crypt:3  | Killed Sojobo
 61303 | Crypt:3  | Found a staircase to the Tomb.
 61500 | Crypt:3  | Got a flickering diamond amulet
 61500 | Crypt:3  | Got a sparkling glass ring
 61500 | Crypt:3  | Got a twitching marble ring
 61501 | Crypt:3  | Identified the amulet of Fir Acw {Regen+ MP+9 Stlth+} (You found it on level 3 of the Crypt)
 61502 | Crypt:3  | Identified the ring "Taozxamm" {rN+ Str+4} (You found it on level 3 of the Crypt)
 61506 | Crypt:3  | Identified the ring "Xugivo" {+Fly rN+ Str+7} (You found it on level 3 of the Crypt)
 62296 | Depths:1 | Entered Level 1 of the Depths
 62296 | Depths:1 | Found Tibiukyps's Food Shoppe.
 62807 | Depths:1 | Reached skill level 10 in Evocations
 63277 | Depths:1 | Found a gateway to Hell.
 63660 | Depths:1 | Identified the Volume of Supportive Bewitchment
 63666 | Depths:1 | Learned a level 3 spell: Spectral Weapon
 63668 | Depths:1 | Learned a level 1 spell: Summon Butterflies
 63697 | Depths:2 | Found a one-way gate to the infinite horrors of the Abyss.
 64066 | Depths:2 | Found a one-way gate leading to the halls of Pandemonium.
 64219 | Depths:2 | Reached XP level 26. HP: 271/273 MP: 32/32
 66215 | Depths:3 | Noticed a juggernaut
 66229 | Depths:3 | Killed a juggernaut
 66474 | Depths:3 | Got a ring of the Octopus King
 66476 | Depths:3 | Identified a ring of the Octopus King {MP+9 AC+1 EV+1 Str+1 Int+1 Dex+1} (You found it on level 3 of the Depths)
 66745 | Depths:3 | Noticed a juggernaut
 66753 | Depths:3 | Killed a juggernaut
 67503 | Depths:4 | Found a snail-covered altar of Cheibriados.
 67587 | Depths:4 | Reached XP level 27. HP: 286/286 MP: 33/33
 67777 | Depths:4 | Noticed a juggernaut
 67791 | Depths:4 | Killed a juggernaut
 68041 | Depths:4 | HP: 13/288 [deep troll (18)]
 69104 | Depths:4 | Got a faintly glowing amber ring
 69105 | Depths:4 | Identified the ring "Fiat Ete" {rPois MR+} (You took it off a spriggan on level 4 of the Depths)
 69620 | Depths:5 | Entered Level 5 of the Depths
 69691 | Depths:5 | Noticed Saint Roka
 69702 | Depths:5 | Killed Saint Roka
 69721 | Depths:5 | Found a gateway to a ziggurat.
 70314 | Depths:5 | Reached skill level 15 in Evocations
 70456 | Depths:5 | Found a gate to the Realm of Zot.
 70688 | Depths:5 | Found a shattered altar of Ashenzari.
 71365 | Slime:1  | Entered Level 1 of the Pits of Slime
 71500 | Slime:2  | Reached skill level 1 in Charms
 71521 | Slime:3  | Gained mutation: Your flesh is cold resistant. [a shining eye]
 71756 | Slime:4  | Found a viscous altar of Jiyva.
 72179 | Slime:6  | Entered Level 6 of the Pits of Slime
 72329 | Slime:6  | Noticed the Royal Jelly
 73047 | D:14     | Bought a scroll of immolation for 42 gold pieces
 73047 | D:14     | Bought a scroll of acquirement for 624 gold pieces
 73052 | D:14     | Got a brightly glowing cloak
 73063 | D:14     | Identified the +2 cloak of Restlessness {Int+2} (You acquired it on level 14 of the Dungeon)
 73494 | Slime:6  | Found a viscous altar of Jiyva.
 74240 | Slime:6  | HP: 17/448 [azure jelly[the Royal Jelly] (11)]
 74241 | Slime:6  | HP: 4/448 [the Royal Jelly (9)]
 74241 | Slime:6  | Splashed by the Royal Jelly's acid

Vault maps used:
D:1:      saegor_arrival_simple_a
D:2:      uniq_sigmund
D:3:      grunt_ministairs_11, uniq_iyjb, uniq_robin, uniq_grinder,
          uniq_crazy_yiuf_cottage
D:4:      grunt_temple_overflow_diamond, first_bread, grunt_ministairs_8,
          makhleb_heckhound_becter
D:5:      temple_doors_e, serial_corexii_hall, corexii_hall_statues_i,
          corexii_hall_statues_x, corexii_hall_statues_t, uniq_menkaure,
          uniq_duvessa
D:6:      okawaru_ov_weapons_minmay, uniq_blork_the_orc
D:8:      corexii_shack_village, due_lair_maze_entry_diamond, david_nohive_1,
          nicolae_ru_the_path_less_chosen
D:9:      kb_rosetta
D:10:     hangedman_cross_cluster, uniq_urug
D:11:     david_orc_2, serial_glass, glass_columns_c, glass_columns_c
D:12:     hangedman_decor_diamond_cutter
D:13:     david_vaults_3, serial_shops, kennysheep_little_box,
          minmay_misc_feat_x, minmay_misc_feat_tiny, minmay_protected_statue
D:14:     nicolae_dithmenos_through_a_glass_darkly, serial_shops,
          nicolae_shop_competitors_out_of_business
D:15:     hangedman_depths_entry_civil_slaughter, serial_glass, glass_columns_a,
          glass_columns_a, grunt_decor_fettered, st_stairs_3
Lair:1:   serial_bayou_shore_a
Lair:2:   mu_elephants_graveyard, uniq_fannar
Lair:3:   minmay_shoals_entry_beasts, minmay_snake_entry_guardpost_small
Lair:4:   nicolae_volcano_entry_hallway, roderic_batcave
Lair:5:   lab_entry_generic
Lair:6:   st_stairs_5
Lair:7:   guppyfry_lair_drakes
Lair:8:   grunt_lair_end_beastmaster, nicolae_slime_entry_slimehenge,
          basic_altar, ice2_lemuel, lemuel_fruit_tree, infiniplex_staircase_pool
Shoals:3: st_cyclops, uniq_polyphemus
Shoals:4: shoals_end_grunt_ice, shoal_ilsuiw
Snake:1:  serial_shops, shop, shop, uniq_aizul
Snake:3:  uniq_azrael
Snake:4:  minmay_snake_end_coiled, basic_altar, st_stairs_13
Slime:4:  basic_altar
Orc:1:    elves_outpost_lemuel
Orc:2:    st_orc_congregation
Elf:1:    serial_shops, shop, hangedman_elf_disciples
Elf:2:    serial_sigils_hangedman_gut, nicolae_elf_w_pinch, minivault_28
Elf:3:    minmay_elf_hall_spiked
Vaults:1: hangedman_vaults_trim, vaults_mumra_minichess_inversion, v_pattern_5,
          dpeg_vaults_waves, hangedman_vaults_locks, hangedman_vaults_corner,
          v_misc_16, hangedman_vaults_capsules, vaults_dpeg_ring,
          hangedman_vaults_impose, hangedman_vaults_stretched_pinwheel,
          nicolae_vaults_little_ls, nicolae_vaults_little_squares_1,
          uniq_wiglaf, uniq_nikola
Vaults:2: vaults_standard_mumra_x, v_pattern_2, hangedman_vaults_trim,
          grunt_vaults_diagonal, v_alt_pattern_6, vaults_room_grid, v_misc_11,
          nicolae_vaults_octagons, ontoclasm_vaults_ligature,
          ontoclasm_vaults_loading_screen, nicolae_vaults_little_squares_6,
          serial_shops, bzr_firewalk
Vaults:3: hangedman_vaults_snaps, vaults_room_pool,
          minmay_crypt_entry_necro_gods, vaults_dpeg_spiral, v_alt_pattern_5,
          hangedman_vaults_corner_blocks, vaults_room_pool,
          nicolae_vaults_alarming, vaults_mumra_chevron_long,
          nicolae_vaults_little_squares_3, serial_shops, shop_statue
Vaults:4: ontoclasm_vaults_fault, serial_ice_m, vaults_room_grid,
          nicolae_vaults_yaktaur_gun_rack, vaults_mumra_minichess,
          hangedman_vaults_slither, ontoclasm_vaults_ring_large, v_misc_3,
          grunt_vaults_bifocal, grunt_vaults_funnel, hangedman_vaults_nails,
          grunt_vaults_hallway_short, serial_shops, shop, uniq_jorgrun
Crypt:1:  skrybe_necro_troll_2, uniq_boris
Crypt:2:  uniq_jory
Crypt:3:  grunt_crypt_end_deaths_head, uniq_sojobo
Depths:1: serial_shops, shop, pf_coc_iceberg, serial_sigils_hangedman_scratch,
          dk_noncrumbling_2, minmay_misc_feat_cross,
          hangedman_cracks_in_the_wall
Depths:2: hangedman_hanging_gardens, grunt_pan_entry_sceptre, hell_entry,
          fountainhead, abyss_entry, grunt_decor_mini_mirrors,
          infiniplex_staircase_river
Depths:3: evilmike_diamond_1, pf_hell_entry_tar_river, pan_entry,
          infiniplex_staircase_door_maze, grunt_megastairs_4,
          kennysheep_random_hallway, serial_bayou_shore_b
Depths:4: grunt_x_marks_the_spot, pf_dread_powers_of_hell,
          minmay_room_of_horrors, pan_entry, lemuel_round_altar,
          serial_bayou_shore_b, infiniplex_staircase_spiral
Depths:5: grunt_zot_entry_alcove, enter_ziggurat_c, abyss_entry, hell_entry,
          serial_sigils_hangedman_scar, ashenzari_altar_1, grunt_megastairs_2,
          serial_bayou_shore_b, uniq_saint_roka
Abyss:2:  hangedman_stitches_earthworm
Lab:      labyrinth_mini_lab, nicolae_lab_garden, labyrinth_glass_1,
          nicolae_lab_checkerboard
Bazaar:   bazaar_short_row
Volcano:  volcano_tomb

Skill      XL: |  1  2  3  4  5  6  7  8  9 10 11 12 13 14 15 16 17 18 19 20 21 22 23 24 25 26 27 |
---------------+----------------------------------------------------------------------------------+-----
Maces & Flails | 1 2 3 4 6 7 9 12 14 16 17 19 20 21 22 24 | 24.0
Throwing       | 5 6 8 11 13 15 17 18 | 18.9
Fighting       | 4 6 9 10 13 16 18 22 | 22.1
Invocations    | 4 8 10 11 12 | 12.0
Armour         | 3 7 9 10 11 13 15 16 17 | 17.7
Dodging        | 6 9 11 12 14 15 16 17 18 | 18.0
Evocations     | 3 7 11 13 15 | 15.0
Charms         | 4 |  4.6
Stealth        | |  0.7

Action                   |  1- 3 |  4- 6 |  7- 9 | 10-12 | 13-15 | 16-18 | 19-21 | 22-24 | 25-27 || total
-------------------------+-------+-------+-------+-------+-------+-------+-------+-------+-------++-------
Melee: Club              |    26 |       |       |       |       |       |       |       |       ||    26
       Short sword       |     4 |       |       |       |       |       |       |       |       ||     4
       Whip              |    85 |    55 |       |       |       |       |       |       |       ||   140
       Flail             |       |   111 |   393 |   106 |       |       |       |       |       ||   610
       Mace              |       |    13 |       |       |       |       |       |       |       ||    13
       Giant spiked club |       |       |    86 |   643 |  1374 |    26 |  1577 |  1315 |  1997 ||  7018
       Great mace        |       |       |       |       |   326 |  1810 |       |       |       ||  2136
Throw: Stone             |     4 |       |    23 |    42 |       |       |       |       |       ||    69
       Large rock        |     4 |       |     5 |     2 |    12 |   111 |   196 |   174 |   270 ||   774
       Throwing net      |       |     2 |     2 |       |       |       |       |       |       ||     4
       Tomahawk          |       |    14 |    40 |    41 |    17 |       |       |       |       ||   112
       Javelin           |       |       |       |       |    27 |     6 |       |     5 |       ||    38
Invok: Lesser Servant of |       |       |       |     5 |     4 |       |       |       |       ||     9
       Greater Servant o |       |       |       |       |       |     2 |       |       |     2 ||     4
Evoke: Wand              |       |     2 |     1 |       |     4 |     2 |     1 |     4 |     2 ||    16
       Rod               |       |       |       |       |       |       |       |     3 |     6 ||     9
       Lamp of fire      |       |       |       |       |       |       |       |       |     1 ||     1
  Use: Scroll            |     3 |     6 |    13 |     7 |    17 |    13 |    12 |    12 |    18 ||   101
       Potion            |       |     1 |     2 |     7 |     8 |     2 |     3 |     4 |    10 ||    37
 Stab: Sleeping          |     1 |     2 |     1 |       |       |       |       |       |       ||     4
       Invisible         |       |       |       |     5 |     2 |       |       |       |       ||     7
       Petrified         |       |       |       |       |     1 |       |     1 |       |     1 ||     3
       Distracted        |       |       |       |       |     1 |       |       |     1 |     1 ||     3
       Petrifying        |       |       |       |       |       |       |     1 |       |       ||     1
  Eat: Chunk             |     1 |     6 |     6 |    16 |    38 |    22 |    38 |    23 |    31 ||   181
       Bread ration      |       |     1 |     2 |     1 |     1 |     2 |     1 |     2 |     2 ||    12
       Royal jelly       |       |       |       |     1 |       |       |       |       |       ||     1
       Pizza             |       |       |       |     1 |       |     2 |       |     1 |     2 ||     6
       Meat ration       |       |       |       |       |       |     1 |       |       |     1 ||     2
Armor: Robe              |    60 |    80 |    96 |    18 |       |       |       |       |       ||   254
       Fire dragon armou |       |       |   160 |   559 |   903 |   810 |   730 |   544 |  1124 ||  4830
Dodge: Dodged            |    91 |    93 |   222 |   353 |   879 |  1168 |  1344 |   786 |  1839 ||  6775
Block: Shield            |       |    23 |       |       |       |       |       |       |       ||    23
